AoeStats
← Cuervo

Oasis

507185654Analyzed
3v3 RM · 15d ago on Sep 17, 2026· 50m 37s· 6 players
Game mode
Random Map
Map size
Normal (6 player)
Population
200
Speed
Normal
Resources
Standard
Victory
Conquest
Starting age
Dark Age
Ending age
Imperial Age
RankedLock teamsTeams togetherTeam positionsShared explorationLock speedFull tech treeHidden civsTurbo modeCheats
Victory
Defeat
🇮🇳 Magyars · India
1096
+16
🇦🇷 Maya · Argentina
1002
+20
🇦🇷 Vietnamese · Argentina
995
+20
🇦🇷 Burgundians · Argentina
1137
-21
🇨🇱 Italians · Chile
1098
-19
🇦🇷 Koreans · Argentina
1024
-16
VZ | Thyrfing
5:39 Loom
9:06 Feudal Age
13:51 Double-Bit Axe
18:15 Horse Collar
22:43 Castle Age
20:47 Fletching
21:32 Padded Archer Armor
21:42 Gold Mining
23:56 Wheelbarrow
23:15 Crossbowman
25:38 Bodkin Arrow
30:17 Leather Archer Armor
31:50 Stone Mining
35:13 Ballistics
35:23 Thumb Ring
40:43 Imperial Age
38:13 Light Cavalry
39:03 Scale Barding Armor
40:53 Heavy Plow
43:39 Chemistry
44:47 Chain Barding Armor
44:38 Forging
44:29 Bracer
45:00 Ring Archer Armor
47:13 Plate Barding Armor
47:14 Iron Casting
47:27 Husbandry
47:39 Bloodlines
48:45 Arbalester
VikhyatArg
9:08 Feudal Age
7:24 Loom
9:15 Double-Bit Axe
9:14 Horse Collar
10:03 Heavy Plow
10:20 Bow Saw
10:38 Bow Saw
10:42 Heavy Plow
19:37 Castle Age
19:05 Scale Mail Armor
19:01 Gold Mining
19:57 Forging
21:18 Wheelbarrow
21:51 Squires
21:38 Arson
23:07 Chain Mail Armor
27:51 Fletching
29:35 Bodkin Arrow
30:32 Husbandry
32:19 Cavalier
35:24 Hand Cart
39:29 Imperial Age
36:47 Town Watch
38:08 Two-Man Saw
37:40 Crop Rotation
38:44 Scale Barding Armor
39:14 Iron Casting
38:34 Stone Mining
38:37 Treadmill Crane
38:56 Pikeman
39:46 Halberdier
41:38 Conscription
42:52 Plate Mail Armor
43:00 Ballistics
45:43 Chemistry
44:49 Elite Skirmisher
46:10 Bracer
46:56 Stone Shaft Mining
49:59 Hoardings
Cuervo
9:08 Loom
11:33 Feudal Age
16:02 Castle Age
13:56 Double-Bit Axe
17:13 Horse Collar
21:40 Bow Saw
22:08 Heavy Plow
23:05 Fletching
23:57 Crossbowman
26:01 Thumb Ring
26:55 Wheelbarrow
26:15 Stone Mining
26:18 Gold Mining
29:43 Gold Shaft Mining
29:44 Stone Shaft Mining
29:15 Elite Skirmisher
31:04 Hand Cart
33:51 Ballistics
33:51 Bodkin Arrow
33:57 Scale Mail Armor
33:58 Town Watch
35:35 Chain Mail Armor
35:31 Forging
38:34 Imperial Age
39:53 Iron Casting
39:49 Plate Mail Armor
40:25 Chemistry
39:32 Siege Engineers
39:33 Town Patrol
39:36 Elite Fire Lancer
40:33 Pikeman
41:14 Squires
Demon
4:41 Loom
10:46 Feudal Age
11:54 Horse Collar
19:48 Double-Bit Axe
22:15 Castle Age
27:20 Wheelbarrow
26:31 Town Watch
27:04 Bow Saw
26:56 Heavy Plow
30:28 Imperial Age
28:22 Bloodlines
28:13 Husbandry
30:07 Scale Barding Armor
31:06 Corvinian Army
31:41 Hand Cart
32:10 Conscription
34:24 Chain Barding Armor
35:12 Parthian Tactics
34:42 Fletching
36:29 Plate Barding Armor
36:16 Elite Magyar Huszar
37:21 Thumb Ring
46:01 Hoardings
48:37 Elite Skirmisher
49:27 Bodkin Arrow
50:45 Chemistry
Emperador Siziña
2:30 Loom
10:14 Feudal Age
17:21 Castle Age
15:50 Gold Mining
16:52 Double-Bit Axe
17:50 Wheelbarrow
18:49 Bow Saw
19:03 Stone Mining
20:50 Fletching
21:01 Padded Archer Armor
22:20 Scale Barding Armor
23:07 Bodkin Arrow
25:36 Padded Archer Armor
28:36 Thumb Ring
29:10 Ballistics
33:42 Husbandry
35:16 Leather Archer Armor
35:30 Chain Barding Armor
37:58 Forging
39:38 Iron Casting
42:18 Imperial Age
41:48 Bloodlines
43:03 Bracer
43:39 Plate Barding Armor
43:36 Ring Archer Armor
44:21 Chemistry
44:32 Elite Battle Elephant
51:09 Hand Cart
loto95
5:23 Loom
12:07 Feudal Age
17:08 Castle Age
16:04 Double-Bit Axe
17:53 Scale Mail Armor
18:04 Forging
18:49 Squires
20:08 Eagle Warrior
22:43 Bow Saw
24:45 Wheelbarrow
25:12 Chain Mail Armor
39:00 Imperial Age
38:47 Iron Casting
38:31 Gold Mining
40:28 Fletching
40:39 Padded Archer Armor
41:03 Town Watch
41:36 Hand Cart
41:54 Plate Mail Armor
42:24 Blast Furnace
41:08 Elite Skirmisher
42:25 Ballistics
43:05 Chemistry
42:47 Thumb Ring
44:15 Bodkin Arrow
44:35 Leather Archer Armor
47:04 Bracer
50:20 Ring Archer Armor
49:14 Imperial Skirmisher
Connection lost

Rejoining the realm…

Still unreachable

The connection could not be restored.

Session expired

The server has moved on; the page needs a fresh start.